 Dungeon Crawl Stone Soup version 0.28.0 (webtiles) character file.

Game seed: 5887097121474765968

21 BorgnjorsVileCrotch the Chopper (level 2, -2/27 HPs)
             Began as a Deep Dwarf Fighter on Feb 12, 2022.
             Slain by a gnoll (3 damage)
             ... on level 3 of the Dungeon.
             The game lasted 00:01:09 (215 turns).

BorgnjorsVileCrotch the Chopper (Deep Dwarf Fighter) Turns: 215, Time: 00:01:09

Health: -2/27      AC:  6    Str: 19    XL:     2   Next: 62%
Magic:  2/2        EV:  9    Int:  8    God:
Gold:   12         SH:  4    Dex: 12    Spells: 1/1 levels left

rFire   . . .      SeeInvis .   a - +0 war axe
rCold   . . .      Faith    .   c - +0 buckler
rNeg    . . .      Spirit   .   b - +0 scale mail
rPois   .          Reflect  .   (no helmet)
rElec   .          Harm     .   (no cloak)
rCorr   .          Rampage  .   (no gloves)
Will    .....                   (no boots)
Stlth   ..........              (no amulet)
HPRegen 0.00/turn               (no ring)
MPRegen 0.08/turn               (no ring)

@: lit by a corona, glowing
A: damage resistance, heal wounds, sense surroundings 1, no regeneration
a: Heal Wounds


You were on level 3 of the Dungeon.
You visited 1 branch of the dungeon, and saw 3 of its levels.

You collected 12 gold pieces.

Inventory:

Hand Weapons
 a - a +0 war axe (weapon)
Missiles
 g - 4 poisoned darts (quivered)
Armour
 b - a +0 scale mail (worn)
 c - a +0 buckler (worn)
Jewellery
 h - an amulet of guardian spirit
   (You found it on level 3 of the Dungeon)
Scrolls
 f - a scroll of identify {@r1}
Potions
 d - a potion of might {@q3 !q}
 e - a potion of ambrosia


   Skills:
 - Level 2.6 Fighting
 + Level 3.6 Axes
 - Level 3.2 Armour
 - Level 3.2 Shields


You had one spell level left.
You didn't know any spells.
Your spell library was empty.

Dungeon Overview and Level Annotations

Branches:
Dungeon (3/15)

Altars:
Fedhas


Innate Abilities, Weirdness & Mutations

You are resistant to damage.
You can heal yourself by infusing magical energy.
You passively map a small area around you.
You do not regenerate.


Message History

The ball python bites you but does no damage.
The ball python barely misses you. The ball python closely misses you.
The ball python grabs you. The ball python constricts you.
The kobold hits you with a +0 dagger.
You slash the ball python!
You kill the ball python!
You barely miss the kobold. The kobold hits you with a +0 dagger.
Your Axes skill increases to level 3!
You have reached level 2!
You hit the kobold but do no damage. You block the kobold's attack. x2
You closely miss the kobold. The kobold hits you but does no damage.
You slash the kobold!
You kill the kobold!
No target in view!
Things that are here:
a +0 dagger; a kobold corpse You now have 12 gold pieces.
h - an amulet of guardian spirit You open the door.
There is an open door here.
An endoplasm comes into view.
Found 21 bolts.
The endoplasm quivers.
You slash the endoplasm!
You kill the endoplasm!
You see here 21 bolts.
Found an escape hatch in the ceiling.
Found 18 gold pieces.
You open the door.
There is an open door here.
You open the door.
Found an escape hatch in the floor.
Found a scroll labelled YTUHUA XOGIN.
There is an open door here.
A rat comes into view.
The rat barely misses you.
You slash the rat!
You kill the rat! 2 gnolls come into view.
The gnoll shouts! x2; You hear a shout!
A gnoll comes into view. It is wielding a +0 spear.
You see here a scroll labelled YTUHUA XOGIN.
A gnoll shaman comes into view. It is wielding a +0 club.
The gnoll shaman shouts!
The gnoll shouts!
The gnoll hits you but does no damage. The gnoll barely misses you.
A gnoll comes into view. It is wielding a +0 club.
Found a stone staircase leading down.
The gnoll hits you with a +0 spear.
You closely miss the gnoll. x2; The gnoll hits you but does no damage.
The gnoll hits you with a +0 flail.
You completely miss the gnoll. You barely miss the gnoll.
The gnoll barely misses you. x2
Found a blossoming altar of Fedhas.
The gnoll hits you with a +0 spear. The gnoll hits you but does no damage.
You block the gnoll's attack. The gnoll hits you with a +0 spear.
You block the gnoll's attack.
You closely miss the gnoll. You hit the gnoll. You barely miss the gnoll.
You barely miss the gnoll shaman. You block the gnoll's attack.
The gnoll closely misses you. The gnoll hits you but does no damage.
The gnoll hits you with a +0 flail. The gnoll hits you but does no damage.
The gnoll shaman hits you with a +0 club!
You slash the gnoll!
The gnoll is severely wounded.
You barely miss the gnoll. You hit the gnoll.
You hit the gnoll shaman but do no damage.
The gnoll hits you but does no damage.
The gnoll shaman calls upon its god to heal the gnoll.
The gnoll's wounds heal themselves!
The gnoll hits you with a +0 spear. x2
You feel much better. You block the gnoll's attack.
The gnoll shaman hits you with a +0 club.
The gnoll hits you but does no damage. You block the gnoll's attack.
The gnoll hits you with a +0 spear.
You slash the gnoll!
You kill the gnoll!
You barely miss the gnoll. You closely miss the gnoll shaman.
You hit the gnoll. You closely miss the gnoll. The gnoll misses you.
The gnoll shaman invokes the aid of its god against you.
You are outlined in light.
The gnoll closely misses you. The gnoll hits you but does no damage.
The gnoll completely misses you.
The gnoll shaman hits you but does no damage.
The gnoll hits you with a +0 club. The gnoll hits you with a +0 spear.
You barely miss the gnoll. You hit the gnoll but do no damage.
You hit the gnoll shaman. You closely miss the gnoll.
The gnoll hits you with a +0 flail.
The gnoll shaman hits you but does no damage.
You block the gnoll's attack. The gnoll hits you with a +0 club.
You closely miss the gnoll. You barely miss the gnoll.
You hit the gnoll shaman. You slash the gnoll!
The gnoll hits you with a +0 flail. The gnoll shaman closely misses you.
The gnoll closely misses you. The gnoll hits you with a +0 club.
You slash the gnoll!
The gnoll is severely wounded.
You barely miss the gnoll. You hit the gnoll shaman. You barely miss the gnoll.
The gnoll closely misses you.
The gnoll shaman hits you with a +0 club.
The gnoll barely misses you. x2; The gnoll hits you with a +0 flail!
* * * LOW HITPOINT WARNING * * *
The gnoll shaman hits you with a +0 club.
The gnoll hits you with a +0 club.
* * * LOW HITPOINT WARNING * * *
The gnoll hits you with a +0 spear.
You die...

#...# ##..#########
#####...##### #...<.......#
, #...........#
#...........# *
#...........# #...........#
#......?....# #..........#.
#...........# #..........#,
*
#...........###..........#.
*
#######..gg.+..............
*#..g@.#######..###### ,
*#..g)....####..######
..##.................... ,
..>#........####..###### *
...##........# #..#### 8,
..8##........# #.....# *
_## #........# #.#.#.#
#........# #(#.#.# * * *
#.#.#.# *


You could see a gnoll shaman and 3 gnolls.

Vanquished Creatures
  A gnoll (D:3)
  A ball python (D:3)
  An endoplasm (D:3)
  A goblin (D:1)
  3 kobolds
  A quokka (D:1)
  A frilled lizard (D:2)
  2 rats
11 creatures vanquished.

Notes
Turn   | Place    | Note
-------+----------+-------------------------------------------
     0 | D:1      | BorgnjorsVileCrotch the Deep Dwarf Fighter began the quest
                  | for the Orb.
     0 | D:1      | Reached XP level 1. HP: 20/20 MP: 1/1
   142 | D:3      | Reached skill level 3 in Axes
   142 | D:3      | Reached XP level 2. HP: 27/27 MP: 2/2
   207 | D:3      | Found a blossoming altar of Fedhas.
   215 | D:3      | HP: 1/27 [gnoll (3)]
   215 | D:3      | Slain by a gnoll

Illustrated notes

Levels and vault maps discovered:
D:1:      lemuel_arrival_funnel, layout_rooms, kennysheep_boxes
D:2:      layout_rooms, uniq_crazy_yiuf_cottage
D:3:      layout_basic, lemuel_crystal_altar, nicolae_overflow_hidden_temple,
          basic_ecumenical_altar

Skill      XL: |  1 |
---------------+----+-----
Axes           | 3 |  3.6
Fighting       | |  2.6
Armour         | |  3.2
Shields        | |  3.2

Action                   || total
-------------------------++-------
Melee: War axe           ||    39
 Abil: Heal Wounds       ||     1
  Use: Scroll            ||     1
Armor: Scale mail        ||    28
Dodge: Dodged            ||    30
Block: Buckler           ||    15
